 Dungeon Sprint DCSS version 0.29.1-15-g9cfb28693d (webtiles) character file.

Game seed: 13795527480829594797

4438 boopmooplesden the Fencer (level 10, -6/166 HPs)
             Began as a Minotaur Berserker on Mar 20, 2023.
             Was the Champion of Trog.
             Mangled by a sixfirhy (12 damage)
             ... summoned by an orc sorcerer
             ... in the Dungeon (Sprint III: "The Ten Rune Challenge").
             The game lasted 00:03:41 (1360 turns).

boopmooplesden the Fencer (Minotaur Berserker)      Turns: 1360, Time: 00:03:42

Health: -6/166     AC:  4    Str: 23    XL:     10   Next: 14%
Magic:  9/9        EV: 16    Int:  4    God:    Trog [******]
Gold:   38         SH:  0    Dex: 13    Spells: 9/9 levels left

rFire   . . .      SeeInvis .   h - +0 long sword (holy)
rCold   + . .      Faith    .   (no shield)
rNeg    . . .      Spirit   .   b - +0 animal skin
rPois   .          Reflect  .   (helmet restricted)
rElec   .          Harm     .   (no cloak)
rCorr   .          Rampage  .   (no gloves)
Will    .....      NoTele   +   (no boots)
Stlth   ..........              (no amulet)
HPRegen 0.37/turn               (no ring)
MPRegen 0.11/turn               (no ring)

@: berserking (expiring), lethally poisoned (-6 -> -19), very quick
A: horns 2, retaliatory headbutt, iridescent scales 1, cold resistance 1,
mutation resistance 1, sense surroundings 1, MP-powered wands
a: Renounce Religion, Berserk, Trog's Hand, Brothers in Arms


You were in the Dungeon.
You worshipped Trog.
Trog was exalted by your worship.
You visited 1 branch You collected 38 gold pieces.

Inventory:

Hand Weapons
 a - a +0 falchion
 h - a +0 long sword of holy wrath (weapon)
Armour
 b - a +0 animal skin (worn)
Scrolls
 i - a scroll of poison {unknown}
 j - 3 scrolls of identify
 l - a scroll of torment {unknown}
Potions
 c - 4 potions of curing
 d - 2 potions of heal wounds
 e - a potion of haste
 f - 2 potions of magic
 g - a potion of berserk rage
 k - 4 potions of flight
Miscellaneous
 m - a box of beasts


   Skills:
 + Level 17.0 Fighting
 + Level 19.1 Long Blades
 + Level 6.0 Armour
 + Level 9.5 Dodging
 + Level 4.4 Stealth


You had 9 spell levels left.
You didn't know any spells.
Your spell library was empty.

Dungeon Overview and Level Annotations

Branches:
Dungeon (1/1)

Altars:
Cheibriados
Dithmenos
Elyvilon
Fedhas
Gozag
Hepliaklqana
Kikubaaqudgha
Makhleb
Nemelex Xobeh
Okawaru
Qazlal
Ru
Sif Muna
Trog
Uskayaw
Vehumet
Wu Jian
Xom
Yredelemnul
Zin
The Shining One
Jiyva
Lugonu

Shops:
D [


Innate Abilities, Weirdness & Mutations

You have a pair of horns on your head.
You reflexively headbutt those who attack you in melee.
You are partially covered in iridescent scales. (AC +2)
Your flesh is cold resistant. (rC+)
You are somewhat resistant to further mutation.
You passively map a small area around you.
You expend magic power (3 MP) to strengthen your wands.


Message History

Your troll bites the orc high priest!
Your troll claws the orc high priest!
Your troll closely misses the orc high priest.
The orange demon barely misses you. The orange demon hits you.
The soul eater hits your troll!!
Your troll dies!
Your troll's corpse disappears in a puff of smoke!
Your larval stingfire beast misses the orc high priest.
You hit the orc sorcerer.
The orc sorcerer is severely wounded.
You closely miss the orc sorcerer.
The orc sorcerer is severely wounded.
Something hits you.
* * * LOW HITPOINT WARNING * * *
The orc hits you from afar with a +0 trident.
* * * LOW HITPOINT WARNING * * *
Your larval stingfire beast closely misses the orc high priest.
The orange demon stings you.
* * * LOW HITPOINT WARNING * * *
You are poisoned.
The orange demon poisons you! The orange demon completely misses you.
Unknown command.
You slice the orc priest!!
You kill the orc priest!
Trog accepts your kill.
You feel very sick.
You feel very sick. The sixfirhy barely misses you. You furiously retaliate!
You headbutt the sixfirhy. The orc high priest misses you.
The orc sorcerer hits you with a +0 dagger.
* * * LOW HITPOINT WARNING * * *
The orc closely misses you. The orange demon stings you!
* * * LOW HITPOINT WARNING * * *
The orange demon closely misses you.
The soul eater draws from the surrounding life force!
* * * LOW HITPOINT WARNING * * *
Your larval stingfire beast closely misses the orc high priest.
The sixfirhy hits you.
* * * LOW HITPOINT WARNING * * *
The sixfirhy shocks you!
You die...

▓▓▓ #.################ * *
..#___#___#__#$$$#####$.
..#...#__.#)_#.o.4o...$# ,, *
..###'#'###'##))@oo....# ~
..#..........#H)o3o...∩# *
..'.⌠........#$#3o.#..##* ,,
..#...######'#$###$# $$$ **
..#.⌠.#__#...#'##################
..#...#__#...#....#.#.#.....#....
..#'###__#...##.#).#.##)###.#^...
..#.))#__#...'##)#.#.##.#.)##.^^.
..#___#__'...#..)#..#..##.)'..†..


You could see a soul eater (summoned), an orc high priest (strong, ally target),
an orange demon (summoned), a sixfirhy (summoned), an orc sorcerer (strong), an
orc warrior (strong), 4 orcs and a friendly larval stingfire beast (summoned).

Vanquished Creatures
  Erolcha (D)
  A deep elf pyromancer (D)
  A shadow (D)
  2 redbacks (D)
  A spatial vortex (D)
  5 two-headed ogres (D)
  A necrophage (D)
  A water elemental (D)
  A jelly (D)
  An orc priest (D)
  A wizard (D)
  A necromancer (D)
  A kobold demonologist (D)
  3 humans (D)
  A wolf (D)
  An endoplasm (D)
  3 rats (D)
26 creatures vanquished.

Vanquished Creatures (collateral kills)
  An orc high priest (D)
  An orc knight (D)
  An orc sorcerer (D)
  2 orc warriors (D)
  An orc priest (D)
  An orc wizard (D)
  2 orcs (D)
9 creatures vanquished.

Grand Total: 35 creatures vanquished

Notes
Turn   | Place    | Note
-------+----------+-------------------------------------------
     0 | D        | boopmooplesden the Minotaur Berserker began the quest for
                  | the Orb.
     0 | D        | Reached XP level 1. HP: 19/19 MP: 0/0
    13 | D        | Reached skill level 4 in Long Blades
    35 | D        | Reached ** piety under Trog
    99 | D        | Noticed a wolf
   103 | D        | Killed a wolf
   104 | D        | Reached skill level 5 in Fighting
   104 | D        | Reached skill level 5 in Long Blades
   104 | D        | Reached XP level 2. HP: 21/29 MP: 1/1
   110 | D        | Reached skill level 6 in Long Blades
   110 | D        | Reached XP level 3. HP: 16/37 MP: 2/2
   142 | D        | Noticed a water elemental
   165 | D        | Killed a water elemental
   166 | D        | Reached skill level 7 in Long Blades
   166 | D        | Reached XP level 4. HP: 35/47 MP: 3/3
   213 | D        | Gained mutation: You are clumsy. (Dex -2) [potion of
                  | mutation]
   213 | D        | Gained mutation: You have hidden genetic potential. [potion
                  | of mutation]
   214 | D        | Lost mutation: You are clumsy. (Dex -2) [potion of
                  | mutation]
   214 | D        | Lost mutation: You have hidden genetic potential. [potion
                  | of mutation]
   214 | D        | Gained mutation: You have a somewhat thin skeletal
                  | structure. (Dex +2, Stealth+) [potion of mutation]
   214 | D        | Gained mutation: You do not regenerate when monsters are
                  | visible. [potion of mutation]
   214 | D        | Gained mutation: You are robust. (+10% HP) [potion of
                  | mutation]
   215 | D        | Lost mutation: You are robust. (+10% HP) [potion of
                  | mutation]
   215 | D        | Lost mutation: You do not regenerate when monsters are
                  | visible. [potion of mutation]
   215 | D        | Gained mutation: Your natural rate of healing is unusually
                  | fast. [potion of mutation]
   215 | D        | Gained mutation: You sometimes lose your temper in combat.
                  | [potion of mutation]
   215 | D        | Gained mutation: You expend magic power (3 MP) to
                  | strengthen your wands. [potion of mutation]
   308 | D        | Lost mutation: You sometimes lose your temper in combat.
                  | [potion of mutation]
   308 | D        | Lost mutation: You have a somewhat thin skeletal structure.
                  | (Dex +2, Stealth+) [potion of mutation]
   308 | D        | Lost mutation: Your natural rate of healing is unusually
                  | fast. [potion of mutation]
   308 | D        | Gained mutation: Your flesh is cold resistant. (rC+)
                  | [potion of mutation]
   308 | D        | Gained mutation: You are partially covered in iridescent
                  | scales. (AC +2) [potion of mutation]
   308 | D        | Gained mutation: You passively map a small area around you.
                  | [potion of mutation]
   308 | D        | Gained mutation: You are somewhat resistant to further
                  | mutation. [potion of mutation]
   310 | D        | Found a basalt altar of Yredelemnul.
   310 | D        | Found a shadowy altar of Dithmenos.
   310 | D        | Found a sacrificial altar of Ru.
   310 | D        | Noticed a necrophage
   315 | D        | Killed a necrophage
   315 | D        | Reached *** piety under Trog
   316 | D        | Reached skill level 8 in Long Blades
   316 | D        | Reached XP level 5. HP: 56/56 MP: 4/4
   323 | D        | Reached skill level 9 in Long Blades
   439 | D        | Found a hide-covered altar of Uskayaw.
   439 | D        | Found an iron altar of Okawaru.
   441 | D        | Found a bloodstained altar of Trog.
   441 | D        | Found an ornate altar of the Wu Jian Council.
   441 | D        | Noticed a human
   441 | D        | Noticed a human
   447 | D        | Killed a human
   448 | D        | Reached skill level 10 in Fighting
   448 | D        | Reached skill level 11 in Long Blades
   448 | D        | Reached skill level 5 in Armour
   448 | D        | Reached skill level 5 in Dodging
   448 | D        | Reached skill level 1 in Stealth
   448 | D        | Reached XP level 6. HP: 66/66 MP: 5/5
   454 | D        | Killed a human
   454 | D        | Reached **** piety under Trog
   455 | D        | Reached skill level 12 in Long Blades
   507 | D        | Found a radiant altar of Vehumet.
   509 | D        | Found a shimmering blue altar of Sif Muna.
   509 | D        | Found an ancient bone altar of Kikubaaqudgha.
   564 | D        | Found a glowing silver altar of Zin.
   566 | D        | Found a glowing golden altar of the Shining One.
   566 | D        | Found a white marble altar of Elyvilon.
   566 | D        | Noticed a deep elf pyromancer
   571 | D        | Noticed a fire elemental
   571 | D        | Killed a deep elf pyromancer
   572 | D        | Reached skill level 14 in Long Blades
   572 | D        | Reached XP level 7. HP: 78/78 MP: 6/6
   591 | D        | Reached ***** piety under Trog
   592 | D        | Noticed a shadow
   596 | D        | Killed a shadow
   597 | D        | Reached XP level 8. HP: 75/86 MP: 7/7
   601 | D        | Found a blossoming altar of Fedhas.
   601 | D        | Found a stormy altar of Qazlal.
   602 | D        | Found a snail-covered altar of Cheibriados.
   602 | D        | Found a burning altar of Makhleb.
   602 | D        | Found a hazy altar of Hepliaklqana.
   602 | D        | Found a shimmering altar of Xom.
   602 | D        | Found an opulent altar of Gozag.
   602 | D        | Found a sparkling altar of Nemelex Xobeh.
   602 | D        | Found a corrupted altar of Lugonu.
   602 | D        | Found a viscous altar of Jiyva.
   753 | D        | Reached skill level 15 in Long Blades
   878 | D        | Noticed a two-headed ogre
   885 | D        | Killed a two-headed ogre
   940 | D        | Noticed a two-headed ogre
   940 | D        | Noticed Erolcha
   945 | D        | Killed Erolcha
   946 | D        | Reached skill level 15 in Fighting
   946 | D        | Reached skill level 16 in Long Blades
   946 | D        | Reached XP level 9. HP: 97/97 MP: 8/8
   948 | D        | Reached skill level 17 in Long Blades
   951 | D        | Killed a two-headed ogre
   951 | D        | Reached ****** piety under Trog
  1337 | D        | Noticed an orc sorcerer
  1337 | D        | Killed an orc sorcerer
  1338 | D        | Reached skill level 18 in Long Blades
  1339 | D        | Noticed a sixfirhy
  1339 | D        | Noticed an orc sorcerer
  1339 | D        | Noticed an orc knight
  1339 | D        | Noticed an orc high priest
  1341 | D        | Found Xiofour's Antique Armour Shop.
  1341 | D        | Noticed an orc high priest
  1341 | D        | Received a gift from Trog
  1342 | D        | Noticed a soul eater
  1342 | D        | Noticed an orange demon
  1342 | D        | Noticed a red devil
  1342 | D        | Noticed an orange demon
  1343 | D        | Killed an orc high priest
  1348 | D        | Reached XP level 10. HP: 77/108 MP: 9/9
  1352 | D        | Killed an orc knight
  1353 | D        | Reached skill level 19 in Long Blades
  1360 | D        | HP: 6/166 [sixfirhy[an orc sorcerer] (3)]
  1360 | D        | Mangled by a sixfirhy

Illustrated notes

Levels and vault maps discovered:
D:        dungeon_sprint_mu [sprint_mu_entry_cave, sprint_mu_temple_rooms,
          sprint_mu_d1_spiders, sprint_mu_d2_genie, sprint_mu_d3_branching,
          sprint_mu_orc_legion, sprint_mu_elf_gauntlet, sprint_mu_hive_nellie,
          sprint_mu_lair_fedhas, sprint_mu_vaults_butterflies,
          sprint_mu_slime_circle, sprint_mu_swamp_cave, sprint_mu_snake_twists,
          sprint_mu_blade_basic, sprint_mu_crypt_chambers,
          sprint_mu_tomb_spiral, sprint_mu_vestibule_basic,
          sprint_mu_gehenna_hellfire, sprint_mu_dis_giant,
          sprint_mu_tartarus_statrot, sprint_mu_cocytus_islands, sprint_mu_zot1]

Skill      XL: |  1  2  3  4  5  6  7  8  9 10 |
---------------+-------------------------------+-----
Fighting       | 5 7 8 10 12 13 15 16 17 | 17.0
Long Blades    | 5 6 7 8 11 14 16 18 19 | 19.1
Armour         | 3 4 5 6 |  6.0
Dodging        | 3 4 5 6 7 8 9 |  9.5
Stealth        | 1 2 3 4 |  4.4

Action                   |  1- 3 |  4- 6 |  7- 9 | 10-12 || total
-------------------------+-------+-------+-------+-------++-------
Melee: Falchion          |    18 |    31 |       |       ||    49
       Headbutt          |     3 |     5 |    13 |     1 ||    22
       Long sword        |       |       |    41 |    11 ||    52
       Punch             |       |       |     3 |       ||     3
Invok: Berserk           |     2 |     4 |     4 |       ||    10
       Trog's Hand       |     1 |       |       |       ||     1
       Brothers in Arms  |       |       |     1 |       ||     1
Evoke: Box of beasts     |       |       |     1 |       ||     1
  Use: Scroll            |     1 |       |       |       ||     1
       Potion            |       |     4 |       |       ||     4
Armor: Animal skin       |     1 |     3 |     7 |     1 ||    12
Dodge: Dodged            |     8 |     7 |    20 |    14 ||    49
